 Dungeon Crawl Stone Soup version 0.26-b1-45-g23770d1d51 (webtiles) character file.

Game seed: 4917069502152824692

283 raceaflais the Chopper (level 6, -9/55 HPs)
             Began as a Minotaur Berserker on Jan 6, 2021.
             Was a Priest of Trog.
             Mangled by an ogre
             ... wielding a +0 giant spiked club
              (19 damage)
             ... on level 4 of the Dungeon.
             The game lasted 00:08:20 (3389 turns).

raceaflais the Chopper (Minotaur Berserker)         Turns: 3389, Time: 00:08:21

Health: -9/55      AC:  8    Str: 22 (23) XL:     6   Next: 7%
Magic:  0/5        EV:  8    Int:  4      God:    Trog [***...]
Gold:   132        SH:  8    Dex: 10      Spells: 5/5 levels left

rFire    . . .     SeeInvis .   a - +1 hand axe
rCold    . . .     Faith    .   f - +0 kite shield
rNeg     . . .     Spirit   +   q - +0 scale mail
rPois    .         Reflect  .   (helmet restricted)
rElec    .         Harm     .   (no cloak)
rCorr    +         Rampage  .   h - +0 pair of gloves
Will     .....                  (no boots)
Stlth    +.........             p - amulet of guardian spirit
HPRegen  0.18/turn              o - ring of resist corrosion
MPRegen  0.09/turn              y - ring of stealth

@: no status effects
A: retaliatory headbutt, horns 2
a: Renounce Religion, Berserk, Trog's Hand


You were on level 4 of the Dungeon.
You worshipped Trog.
Trog was most pleased with you.
You visited 1 branch of the dungeon, and saw 4 of its levels.

You collected 132 gold pieces.

Inventory:

Hand Weapons
 a - a +1 hand axe (weapon)
Missiles
 c - 73 bolts
 g - 65 arrows
 j - 212 stones
 x - 2 poisoned darts
Armour
 b - a +0 animal skin
 f - a +0 kite shield (worn)
 h - a +0 pair of gloves (worn)
 q - a +0 scale mail (worn)
Jewellery
 o - a ring of resist corrosion (left hand)
 p - an amulet of guardian spirit (around neck)
 y - a ring of stealth (right hand)
Wands
 A - a wand of disintegration (9)
Scrolls
 e - 2 scrolls of blinking
 i - a scroll of identify
 n - a scroll of fog
 u - a scroll of amnesia


   Skills:
 + Level 4.9 Fighting
 + Level 5.7 Axes
 + Level 3.7 Armour
 + Level 3.3 Dodging
 + Level 1.0 Stealth
 + Level 1.4 Shields


You had 5 spell levels left.
You didn't know any spells.
Your spell library was empty.

Dungeon Overview and Level Annotations

Branches:
Dungeon (4/15)
 Temple: D:4-7

Altars:


Innate Abilities, Weirdness & Mutations

You reflexively headbutt those who attack you in melee.
You have a pair of horns on your head.


Message History

As you read the scroll labelled EGRAAL CI MOME, it crumbles to dust.
It is a scroll of amnesia.
You feel forgetful for a moment. You block the ogre's attack.
As you read the scroll labelled MOECOA NEANUV, it crumbles to dust.
It is a scroll of enchant weapon.
Your +0 hand axe glows red for a moment.
The ogre hits you with a +0 giant spiked club!
* * * LOW HITPOINT WARNING * * *
Your shield prevents you from hitting the ogre.
You hit the ogre but do no damage. The ogre closely misses you.
You barely miss the ogre.
The ogre hits you with a +0 giant spiked club.
* * * LOW HITPOINT WARNING * * *
You hit the ogre.
The ogre is lightly wounded.
The ogre closely misses you.
You hit the ogre. You headbutt the ogre.
The ogre is heavily wounded.
The ogre hits you with a +0 giant spiked club!!
You die...

................. ..
................###.
..............##...# #
.............#.....# ..
...............##..##..#
...............#........
..........[...§§§§§.....
....##........§§§§§.>...
.....#.........#@§§.....
.............#.#O§§.....
...##..#.....##§§§§.....
.......#.....##..)......
.....#....#....#........
.....#.#.##....##..##..#
..#..###.# .[ ... ###
......# # .. ..##
......#


You could see an ogre.

Vanquished Creatures
  A bullfrog skeleton (D:4)
  An orc wizard (D:3)
  Natasha (twice) (D:4)
  An iguana (D:4)
  A worker ant (D:4)
  2 adders
  2 oozes
  An adder skeleton (D:4)
  3 worms
  A dart slug (D:1)
  6 leopard geckos
  5 orcs
  4 giant cockroaches
  9 goblins
  8 hobgoblins
  4 jackals (D:4)
  8 kobolds
  2 quokkas
  4 bats
  3 frilled lizards
  11 rats
79 creatures vanquished.

Notes
Turn   | Place    | Note
-------+----------+-------------------------------------------
     0 | D:1      | raceaflais the Minotaur Berserker began the quest for the
                  | Orb.
     0 | D:1      | Reached XP level 1. HP: 19/19 MP: 0/0
    41 | D:1      | Reached XP level 2. HP: 15/27 MP: 1/1
    44 | D:1      | Reached skill level 4 in Axes
   320 | D:1      | Reached XP level 3. HP: 17/33 MP: 2/2
   542 | D:1      | Reached ** piety under Trog
  1496 | D:2      | Reached XP level 4. HP: 37/41 MP: 3/3
  1845 | D:3      | Reached skill level 5 in Axes
  3103 | D:4      | Noticed Natasha
  3108 | D:4      | Killed Natasha
  3109 | D:4      | Reached skill level 1 in Shields
  3109 | D:4      | Reached XP level 5. HP: 37/47 MP: 4/4
  3116 | D:4      | Noticed Natasha
  3127 | D:4      | Killed Natasha
  3127 | D:4      | Reached *** piety under Trog
  3372 | D:4      | Noticed an ogre
  3373 | D:4      | Reached XP level 6. HP: 55/55 MP: 5/5
  3377 | D:4      | Reached skill level 1 in Stealth
  3389 | D:4      | Mangled by an ogre

Illustrated notes

Levels and vault maps discovered:
D:1:      giann_horns, layout_rooms
D:2:      layout_loops_ring, minmay_misc_feat_rugged, minmay_tromino_i2
D:3:      layout_basic, minmay_misc_feat_ornament
D:4:      layout_cave_pools, chequers_temple_overflow_minitemple, temple_pool_b,
          st_stairs_5, cheibriados_altar_1, uniq_natasha

Skill      XL: |  1  2  3  4  5  6 |
---------------+-------------------+-----
Fighting       | 4 |  4.9
Axes           | 4 5 |  5.7
Dodging        | 3 |  3.3
Armour         | 3 |  3.7
Shields        | 1 |  1.4
Stealth        | 1 |  1.0

Action                   |  1- 3 |  4- 6 || total
-------------------------+-------+-------++-------
Melee: Hand axe          |   103 |   107 ||   210
       Headbutt          |    22 |    18 ||    40
Invok: Berserk           |     1 |       ||     1
  Use: Potion            |     1 |     8 ||     9
       Scroll            |       |    10 ||    10
 Stab: Invisible         |       |     3 ||     3
Armor: Animal skin       |    15 |       ||    15
       Scale mail        |       |    40 ||    40
Dodge: Dodged            |    36 |    35 ||    71
Block: Kite shield       |    27 |    40 ||    67
